[Event "US Masters 2024"]
[Site "Charlotte"]
[Date "2024.11.28"]
[Round "2.21"]
[White "Mitrabha, Guha"]
[Black "Mendes Aaron Reeve"]
[Result "1-0"]
[ECO "D14"]
[WhiteElo "2511"]
[BlackElo "2320"]
[Annotator "TA"]
[PlyCount "97"]
[EventDate "2024.09.23"]
[EventType "swiss"]
[EventCountry "USA"]
[SourceTitle "playchess.com"]
[Source "ChessBase"]
[SourceQuality "1"]
[TimeControl "5400+30"]

1. c4 c6 2. Nc3 d5 3. cxd5 cxd5 4. d4 Nf6 5. Nf3 Nc6 6. Bf4 Bf5 7. Qb3 Qb6 8. Qxb6 axb6 9. e3 e6 10. Bb5 {[%emt 0:00:05] Ne5 is the strong threat.} Nd7 (10... Bb4 $11) 11. Nh4 $16 {[%emt 0:01:54] [#] Hoping for Nxf5.} Bg4 12. h3 {[%emt 0:02:14][%cal Bh2h3,Bh3h4,Bh4h5][%mdl 32] White is better.} Bh5 13. g4 Bg6 14. Nxg6 hxg6 15. Rc1 Be7 16. a3 O-O (16... Nf6 $142) 17. h4 Rfc8 18. Ke2 Nf6 19. g5 Ne8 20. h5 {[%emt 0:01:41] White is more active.} Bd6 ({Better is} 20... gxh5 21. Rxh5 g6) 21. Bxd6 Nxd6 22. hxg6 fxg6 23. Bd3 Kf7 24. Nb5 Nxb5 25. Bxb5 Ke7 26. Bd3 Kf7 27. Rc3 e5 28. dxe5 Nxe5 29. Rhc1 Nc6 30. Kd2 Rh8 31. Rb3 Rh2 32. Rxb6 Ne5 33. Rc7+ (33. Rxb7+ Kg8 $16) 33... Kf8 34. Ke2 (34. Rbxb7 Rxf2+ 35. Be2 Rh2 $18) 34... Kg8 35. Re6 (35. Bxg6 Rf8 36. Ke1 (36. Rcxb7 $2 Rfxf2+ 37. Ke1 Nf3+ 38. Kd1 Rh1#) 36... Rh1+ 37. Ke2 Rh2 $11) 35... Ng4 {[%emt 0:01:37] [#]} (35... Nxd3 36. Kxd3 Rxf2 37. Rxb7 Kh7) 36. Ree7 Rf8 37. Bxg6 (37. Rxb7 $2 Rfxf2+ (37... Nxf2 38. Rxg7+ Kh8 39. Rgc7 $18) 38. Ke1 Rh1+) (37. Rxg7+ Kh8 38. Kd2 (38. Rxb7 $2 Rfxf2+ 39. Ke1 Rh1+) 38... Nxf2 $18) 37... Kh8 38. Kd3 ({Resist} 38. Rxb7 Nxf2 39. Re8 (39. Rxg7 Ne4+ 40. Ke1 Rh1+ 41. Ke2 Rf2+ 42. Kd3 Rd2#) 39... Ne4+ 40. Kd1 Rxe8 41. Bxe8 Kh7 $18) (38. Rxg7 Rfxf2+ 39. Kd3 Rxb2 $18) 38... Nxf2+ 39. Kd4 Rh4+ 40. Kc5 Nd1 (40... Nh3 {might work better.} 41. Rxb7 (41. Kxd5 Nxg5 42. Rxb7 Rd8+ 43. Kc5 Rh6 $16) (41. Rf7 Ra8 $18) 41... Nxg5) 41. Rxb7 $18 Rc4+ 42. Kd6 d4 43. Re4 {[%emt 0:01:02] White mates.} Kg8 44. Rh4 d3 45. Bh7+ Kh8 46. Be4+ Kg8 47. Bd5+ Rf7 48. Bxf7+ Kf8 49. Rh8# {[%emt 0:00:01] Weighted Error Value: White=0.16 (very precise) /Black=0.56.  Mistake:       	---       	Black=5      Inaccurate:     	White=2     	Black=3      OK:         	White=22    	Black=9      Best:        	White=1     	---} 1-0

[Event "US Masters 2024"]
[Site "Charlotte"]
[Date "2024.11.28"]
[Round "2.22"]
[White "Koustav Chatterjee"]
[Black "Petenyi, Tamas"]
[Result "1/2-1/2"]
[ECO "B38"]
[WhiteElo "2510"]
[BlackElo "2303"]
[Annotator "TA"]
[PlyCount "127"]
[EventDate "2024.09.23"]
[EventType "swiss"]
[EventCountry "USA"]
[SourceTitle "playchess.com"]
[Source "ChessBase"]
[SourceQuality "1"]
[TimeControl "5400+30"]

1. d4 Nf6 2. c4 g6 3. Nc3 Bg7 4. e4 d6 5. h3 O-O 6. Be3 c5 7. Nf3 cxd4 8. Nxd4 Nc6 9. Be2 Nxd4 10. Bxd4 Bd7 11. O-O Bc6 12. Qd3 a6 {[%emt 0:01:50] B38: Sicilian: Maroczy Bind with 5...Bg7 and 7...0-0.} 13. a4 a5 14. Rfe1 $146 ({Predecessor:} 14. Kh1 Nd7 15. Bxg7 Kxg7 16. f4 Qb6 17. Nb5 f6 18. Bf3 Rad8 19. Qc3 Nc5 20. Rfe1 {1-0 Jeske,E (2244)-Kraft,H (2113) Oberfranken-ch Seniors 2009 (7)}) 14... Nd7 15. Bxg7 Kxg7 16. Bf1 Nc5 17. Qc2 e5 18. Rad1 Qe7 19. Nd5 Bxd5 20. Rxd5 Rfd8 21. g3 Ne6 22. Red1 b6 23. h4 Nd4 24. R1xd4 exd4 25. Qd3 Rac8 26. Rxd4 Rc5 27. f4 f6 28. Bg2 Qc7 29. b3 Qe7 30. Bf3 h5 31. Kg2 Kh6 32. Bd1 Kg7 33. Bc2 Qe6 34. Kh2 Rd7 35. Kg2 Rd8 36. Qf3 Rd7 37. Rd2 Re7 38. Rf2 Qg4 39. Qd3 Qe6 40. Qd1 Rd7 41. Qd3 Re7 42. f5 (42. Qd1 $11) 42... gxf5 $17 43. exf5 Qd7 44. Qd1 (44. Bd1 $15) 44... Qc6+ 45. Kh2 {[%emt 0:00:16] [#]} Qe8 $1 46. Bd3 (46. Qf3 $142) 46... Re1 $19 47. Qf3 Qe3 48. Kg2 Qxf3+ 49. Kxf3 Rce5 50. Rd2 d5 51. Kf2 Rc1 52. Bc2 dxc4 53. bxc4 Rc5 54. Rd7+ Kf8 55. Bd3 Ra1 56. Rd6 Ke7 ({Not} 56... Rxa4 57. Rxf6+ Ke8 58. Rxb6 $15) 57. Re6+ Kf7 58. Rxb6 Rxa4 (58... Re5 $142 {[%cal Oa1a3] Threatens to win with ...Ra3!} 59. Rb7+ Ke8 (59... Re7 $2 60. Rb3 $19) 60. Rb8+ Kd7 61. Rb7+ Kd8) 59. Rb7+ $19 Kf8 60. Ke3 (60. Rb8+ {was necessary.} Ke7 61. Ke3) 60... Rc8 $19 61. Rb6 Ke7 (61... Re8+ $19 62. Kf4 Kf7) 62. Rb7+ $17 Kf8 (62... Kd6 $17 63. Kd4 Ra1) 63. Rb6 $1 $19 Ke7 $2 (63... Re8+ $19 64. Kf4 Kf7) 64. Re6+ (64. Rb7+ $1 $11 Kf8) 1/2-1/2

[Event "US Masters 2024"]
[Site "Charlotte"]
[Date "2024.11.28"]
[Round "2.23"]
[White "Canty, James"]
[Black "Groff, Jordan"]
[Result "1/2-1/2"]
[ECO "B32"]
[WhiteElo "2189"]
[BlackElo "2048"]
[Annotator "RC"]
[PlyCount "114"]
[EventDate "2024.09.23"]
[EventType "swiss"]
[EventCountry "USA"]
[SourceTitle "playchess.com"]
[Source "ChessBase"]
[SourceQuality "1"]
[TimeControl "5400+30"]

1. e4 c5 2. Nf3 Nc6 3. d4 cxd4 4. Nxd4 e5 5. Nb5 d6 6. N1c3 a6 7. Na3 Be7 8. Nc4 b5 9. Ne3 Nf6 10. a3 O-O 11. g3 Rb8 12. Bg2 a5 13. O-O Re8 14. Kh1 Bf8 15. Qd3 b4 16. Ncd5 Nxd5 17. Nxd5 bxa3 18. Rxa3 Nb4 19. Qd2 Be6 20. c3 Nxd5 21. exd5 Bd7 22. b3 Qc7 23. Bb2 Rb7 24. Ba1 Reb8 25. Qa2 g6 26. Bf3 Bh3 27. Re1 Qc8 28. Bg2 h5 29. c4 h4 30. f4 Bxg2+ 31. Qxg2 h3 32. Qe2 Rxb3 33. Rxb3 Rxb3 34. fxe5 Qf5 35. g4 Qf4 36. e6 Rf3 37. exf7+ Kh7 38. Bd4 Qxg4 39. Rg1 Qf5 40. Qe6 Qxf7 41. Qxf7+ Rxf7 42. Rg3 Rf1+ 43. Bg1 Bg7 44. Rxh3+ Kg8 45. Kg2 Rc1 46. c5 Rc2+ 47. Kf1 dxc5 48. Ra3 Rc1+ 49. Kg2 Ra1 50. Bxc5 Rxa3 51. Bxa3 Kf7 52. Kf3 Bc3 53. Kg4 Bb4 54. Bb2 a4 55. h4 a3 56. Bxa3 Bxa3 57. h5 gxh5+ 1/2-1/2

[Event "US Masters 2024"]
[Site "Charlotte"]
[Date "2024.11.28"]
[Round "2.24"]
[White "Saxena, Vihaan"]
[Black "Belenkaya, Dina"]
[Result "0-1"]
[ECO "E01"]
[WhiteElo "1961"]
[BlackElo "2151"]
[Annotator "RC"]
[PlyCount "146"]
[EventDate "2024.09.23"]
[EventType "swiss"]
[EventCountry "USA"]
[SourceTitle "playchess.com"]
[Source "ChessBase"]
[SourceQuality "1"]
[TimeControl "5400+30"]

1. d4 Nf6 2. Nf3 d5 3. c4 e6 4. g3 Bb4+ 5. Bd2 Bd6 6. Bg2 O-O 7. Qc2 Nbd7 8. O-O c6 9. Bg5 h6 10. Bxf6 Qxf6 11. Nc3 dxc4 12. Ne4 Qg6 13. Ne1 e5 14. Qxc4 Nb6 15. Qc3 Nd5 16. Qc4 Nb6 17. Qc3 exd4 18. Qxd4 Bc7 19. Nc3 Be6 20. Nf3 Rad8 21. Qb4 Bc4 22. b3 Bd6 23. Qa5 Ba6 24. Rfd1 Rfe8 25. e3 Qf6 26. Rac1 g6 27. Rd4 Qe7 28. Rcd1 Bc7 29. Rxd8 Bxd8 30. Na4 Nxa4 31. Qxa4 Bb6 32. Qf4 Kg7 33. h4 Qf6 34. Qxf6+ Kxf6 35. Bf1 Bxf1 36. Kxf1 h5 37. Rd7 Re7 38. Rxe7 Kxe7 39. Nd2 Bd8 40. Ke2 Kd6 41. Kd3 f6 42. f4 b5 43. Ne4+ Kd5 44. Nc3+ Ke6 45. Ne4 Bb6 46. b4 a5 47. a3 a4 48. Nc3 Kf5 49. Ne4 Bd8 50. Nf2 Bb6 51. Ne4 Bc7 52. Nf2 Ke6 53. Ne4 Bd8 54. Nc5+ Kf5 55. Nd7 Be7 56. Kd4 Kg4 57. Nb8 Kxg3 58. Nxc6 Bf8 59. Ke4 Kxh4 60. Kf3 g5 61. fxg5 fxg5 62. Kg2 g4 63. Nd4 Bxb4 64. axb4 a3 65. Nc2 a2 66. Na1 Kg5 67. Kg3 h4+ 68. Kg2 Kf5 69. Nb3 Ke4 70. Kf2 g3+ 71. Ke2 h3 72. Nc5+ Kd5 73. Nb3 h2 0-1